 Dungeon Crawl Stone Soup version 0.30-a0-118-ga018f8e90f (webtiles) character file.

Game seed: 14523794478715232664

13 ytrimaz the Insei (level 2, 0/34 HPs)
             Began as a Gnoll Transmuter on Sept 13, 2022.
             Succumbed to a goblin's poison
             ... on level 1 of the Dungeon.
             The game lasted 00:01:49 (490 turns).

ytrimaz the Insei (Gnoll Transmuter)                 Turns: 490, Time: 00:01:49

Health: 0/34       AC: 21    Str:  9    XL:     2   Next: 37%
Magic:  6/7        EV:  2    Int: 12    God:
Gold:   43         SH:  0    Dex: 12    Spells: 9/10 levels left

rFire   . . .      SeeInvis .      - Unarmed
rCold   . . .      Faith    .    (no shield)
rNeg    . . .      Spirit   .    (body armour currently unavailable)
rPois   +          Reflect  .    (helmet currently unavailable)
rElec   .          Harm     .    (cloak currently unavailable)
rCorr   .          Rampage  .    (gloves currently unavailable)
Will    .....      NoTele   +    (boots currently unavailable)
Stlth   +.........               (no amulet)
HPRegen 0.11/turn                (no ring)
MPRegen 0.10/turn                (no ring)

@: lethally poisoned (0 -> -7), tree-form
A: stationary, stasis, torment immunity, boosted hp, (fangs 1), strong nose,
distributed training
a: no special abilities


You were on level 1 of the Dungeon.
You were a tree.
You visited 1 branch of the dungeon, and saw 1 of its levels.

You collected 43 gold pieces.


Innate Abilities, Weirdness & Mutations

You are a tree.
Your roots penetrate the ground, keeping you stationary.
You cannot be teleported.
You are immune to unholy pain and torment.
Your maximum health is greatly increased.
Your equipment is partially melded.
((You have very sharp teeth.))
Your uncanny sense of smell can sniff out nearby items.
Your experience applies equally to all skills.


   Skills:
 + Level 2.5 Fighting
 + Level 0.4 Short Blades
 + Level 0.4 Long Blades
 + Level 0.4 Axes
 + Level 0.4 Maces & Flails
 + Level 0.4 Polearms
 + Level 0.4 Staves
 + Level 0.4 Ranged Weapons
 + Level 0.4 Throwing
 + Level 0.4 Armour
 + Level 4.5 Dodging
 + Level 0.4 Stealth
 + Level 0.4 Shields
 + Level 6.5 Unarmed Combat
 + Level 4.9 Spellcasting
 + Level 0.2 Conjurations
 + Level 0.2 Hexes
 + Level 0.2 Summonings
 + Level 0.2 Necromancy
 + Level 0.2 Translocations
 + Level 3.7 Transmutations
 + Level 0.2 Fire Magic
 + Level 0.2 Ice Magic
 + Level 0.2 Air Magic
 + Level 0.2 Earth Magic
 + Level 0.2 Poison Magic
 + Level 0.5 Invocations
 + Level 0.4 Evocations


You had 9 spell levels left.
You knew the following spells:

 Your Spells              Type           Power      Damage    Failure   Level
a - Beastly Appendage     Tmut           22%        N/A       4%          1

Your spell library contained the following spells:

 Spells                   Type           Power      Damage    Failure   Level
 Wereblood                Tmut           11%        N/A       7%          2
 Static Discharge         Conj/Air       6%         3-4/arc   26%         2
 Spider Form              Tmut/Pois      7%         N/A       26%         3
 Ice Form                 Ice/Tmut       7%         N/A       65%         4
 Arcjolt                  Conj/Air       1%         1d11      99%         5
 Lightning Bolt           Conj/Air       1%         1d12      99%         5
 Maxwell's Capacitive Co  Air            1%         ∞         100%        8

Inventory:

Armour
 a - a +0 robe (melded)
Scrolls
 c - 2 scrolls of identify {unknown}

Dungeon Overview and Level Annotations

Branches:
Dungeon (1/15) Zot: 5511

Altars:

# ### #.# ### ..# #.#
..# #.# #.# #.####.#
#.# .....#.# #.#
..##.#.###.# #
.......†...##### ...
...............####...#
.....#..........♣)....#
..####..######.####...#
..####>.### #.# ...
.#........# #.# .
.#.###..#.# ##.####..#
. #..#.###........#
#..#.##...####.##
#......)..# ##.#......#
∆


There were no monsters in sight!


Message History

You take 3 damage, and now have 19/23 hp.
You hit the goblin. You miss the goblin. The goblin barely misses you.
You closely miss the goblin. The goblin barely misses you.
You barely miss the goblin. The goblin closely misses you.
You hit the goblin.
You kill the goblin!
You see here a +0 dagger.
Unknown command.
You now have 43 gold pieces (gained 18).
Key pressed, stopping explore.
A bat comes into view. 😎 HP[+4]
Your hp is fully restored (23).
A bat is nearby!
A bat is nearby!
A bat is nearby!
A bat is nearby!
A goblin comes into view. It is wielding a +1 dagger of venom.
The goblin shouts!
The bat hits you.
The goblin moves out of view. 😕 HP[-1]
You take 1 damage, and now have 22/23 hp.
You hit the bat. The bat hits you. The bat closely misses you. 😕 HP[-1]
You take 1 damage, and now have 21/23 hp.
You closely miss the bat. The bat misses you.
The bat hits you but does no damage.
A hobgoblin comes into view.
You closely miss the bat.
The hobgoblin shouts!
The bat misses you. The bat hits you but does no damage.
You closely miss the bat. The bat barely misses you.
You hit the bat but do no damage. The bat closely misses you. x2 😕 HP[+1]
You hit the bat.
You kill the bat!
You barely miss the goblin. You bite the goblin, but do no damage.
The goblin hits you with a +1 dagger of venom. 😕 HP[-3]
You take 3 damage, and now have 19/23 hp.
You miscast Beastly Appendage.
You are very lightly contaminated with residual magic.
Nothing appears to happen.
The goblin hits you with a +1 dagger of venom.
You are poisoned. 😮 HP[-2] MP[-1]
You take 2 damage, and now have 17/23 hp.
You lost 1 mp, and now have 6/7 mp.
Really quaff the potion of lignification?
You turn into a tree.
Your +0 robe melds into your body.
Your roots penetrate the ground.
You feel very sick.
The goblin hits you with a +1 dagger of venom.
You are more poisoned. 😮 HP[+3]
You now have 34 max hp (+11).
You regained 3 hp, and now have 20/34 hp.
You barely miss the goblin.
You feel very sick.
The goblin hits you but does no damage. 😨 HP[-3]
You take 3 damage, and now have 17/34 hp.
Unknown command.
You hit the goblin.
You feel sick.
The goblin hits you with a +1 dagger of venom.
* * * LOW HITPOINT WARNING * * *
You are lethally poisoned! 😨 HP[-4]
You take 4 damage, and now have 13/34 hp.
You smack the goblin!
You kill the goblin!
* * * LOW HITPOINT WARNING * * *
You feel very sick. 😨 HP[-4]
You take 4 damage, and now have 9/34 hp.
You smack the hobgoblin!
You kill the hobgoblin!
* * * LOW HITPOINT WARNING * * *
You feel very sick. 😱 HP[-3]
You take 3 damage, and now have 6/34 hp.
Unknown command.
You cannot move.
You cannot move.
Unknown command.
There is a lethal amount of poison in your body!
There is a lethal amount of poison in your body!
There is a lethal amount of poison in your body!
Unknown command.
* * * LOW HITPOINT WARNING * * *
You feel very sick. 😱 HP[-2]
You take 2 damage, and now have 4/34 hp.
* * * LOW HITPOINT WARNING * * *
You feel sick.
Your magical contamination has completely faded away. 😱 HP[-2]
You take 2 damage, and now have 2/34 hp.
You die...

Action                   || total
-------------------------++-------
Melee: Unarmed           ||    38
       Bite              ||     2
       Kick              ||     1
 Cast: Beastly Appendage ||     3
  Use: Potion            ||     1
Armor: Robe              ||     8
       Skin              ||     1
Dodge: Dodged            ||    24

Levels and vault maps discovered:
D:1:      mushboom_english_gardens, layout_loops_ring,
          chequers_serial_rivers_room_b, minmay_misc_feat_columns

Notes
Turn   | Place    | Note
-------+----------+-------------------------------------------
     0 | D:1      | ytrimaz the Gnoll Transmuter began the quest for the Orb.
     0 | D:1      | Reached XP level 1. HP: 17/17 MP: 6/6
     0 | D:1      | magus.rc [v1.9.6]
   103 | D:1      | You pick up a book of Lightning and begin reading...
   103 | D:1      | You add the spells Static Discharge, Lightning Bolt,
                  | Arcjolt and Maxwell's Capacitive Coupling to your library.
   328 | D:1      | Reached XP level 2. HP: 19/23 MP: 5/7
   487 | D:1      | HP: 6/34 [poisoned by a goblin]
   489 | D:1      | HP: 2/34 [poisoned by a goblin]
   490 | D:1      | Succumbed to a goblin's poison

Vanquished Creatures
  A ball python (D:1)
  2 bats (D:1)
  2 endoplasms (D:1)
  2 goblins (D:1)
  2 hobgoblins (D:1)
  2 rats (D:1)
11 creatures vanquished.

Table legend:
 A = Non-vault XP
 B = Vault XP
 C = Vault XP percentage of total XP
 D = Non-vault monster count
 E = Vault monster count
 F = Vault count percentage of total count
                 A         B        C        D         E       F
            +---------+---------+-------+---------+---------+-------
      Total |      19 |       0 |   0.0 |      11 |       0 |   0.0
            +---------+---------+-------+---------+---------+-------
        D:1 |      19 |       0 |   0.0 |      11 |       0 |   0.0
            +---------+---------+-------+---------+---------+-------

Illustrated notes

Table legend:
 A = Kills in this place as a percentage of kills in entire the game.
 B = Kills by you in this place as a percentage of kills by you in the entire game.
 C = Kills by friends in this place as a percentage of kills by friends in the entire game.
 D = Other kills in this place as a percentage of other kills in the entire game.
 E = Experience gained in this place as a percentage of experience gained in the entire game.
 F = Experience gained in this place divided by the number of levels of this place that you have seen.
                   A       B       C       D       E      F
               +-------+-------+-------+-------+-------+----------------------
         Total | 100.0 | 100.0 |   N/A |   N/A | 100.0 |  19.0
       Dungeon | 100.0 | 100.0 |   N/A |   N/A | 100.0 |  19.0
               +-------+-------+-------+-------+-------+----------------------

Table legend: (Time is in decaauts)
 A = Elapsed time spent in this place.
 B = Non-inter-level travel time spent in this place.
 C = Inter-level travel time spent in this place.
 D = Time resting spent in this place.
 E = Time spent auto-exploring this place.
 F = Levels seen in this place.
 G = Mean time per level.
                   A        B        C        D        E       F      G
               +--------+--------+--------+--------+--------+-----+--------+
         Total |    488 |    488 |      0 |      0 |    408 |   1 |  488.0 |
       Dungeon |    488 |    488 |      0 |      0 |    408 |   1 |  488.0 |
               +--------+--------+--------+--------+--------+-----+--------+

Top non-repeatable levels by time:
     D:1: 488 daAuts
